AoeStats
← Chanos

Pilgrims

509348671Analyzed
4v4 RM · 7d ago on Sep 26, 2026· 31m 34s· 8 players
Game mode
Random Map
Map size
Large (8 player)
Population
200
Speed
Normal
Resources
Standard
Victory
Conquest
Starting age
Dark Age
Ending age
Imperial Age
RankedLock teamsTeams togetherTeam positionsShared explorationLock speedFull tech treeHidden civsTurbo modeCheats
Victory
Defeat
🇪🇸 Koreans · Spain
1083
+13
🇫🇮 Vikings · Finland
1069
+13
🇨🇳 Mongols · China
1041
+14
🇫🇷 Burgundians · France
1017
+15
🇫🇷 Varangians · France
1054
-16
🇫🇷 Vikings · France
1036
-15
🇫🇷 Malay · France
1020
-14
🇫🇷 Vietnamese · France
912
-10
Asséfor
3:32 Loom
13:04 Feudal Age
14:33 Double-Bit Axe
14:30 Fishing Lines
18:52 Castle Age
17:09 Bow Saw
16:52 Gillnets
18:07 Forging
18:03 Scale Barding Armor
21:26 Iron Casting
21:44 Cavalier
22:24 Husbandry
25:56 Chain Barding Armor
31:14 Wheelbarrow
30:47 Fletching
Mameluco adbuser
3:12 Loom
11:37 Feudal Age
12:26 Double-Bit Axe
17:51 Castle Age
16:07 Scale Barding Armor
15:55 Fletching
16:12 Horse Collar
18:57 Bodkin Arrow
19:14 Bow Saw
19:06 Heavy Plow
19:54 Medium Warships
30:16 Husbandry
31:49 Town Watch
32:42 Wheelbarrow
hhqq
8:05 Loom
9:54 Feudal Age
15:38 Double-Bit Axe
17:56 Castle Age
17:13 Fishing Lines
17:45 Horse Collar
21:45 Fletching
21:52 Stone Mining
22:21 Bow Saw
24:35 Gold Mining
24:52 Heavy Plow
27:01 Thumb Ring
29:54 Imperial Age
28:19 Gold Shaft Mining
28:16 Padded Archer Armor
29:43 Wheelbarrow
30:58 Conscription
31:49 Hand Cart
31:48 Town Watch
Lakupiippu
3:09 Loom
11:49 Feudal Age
12:16 Double-Bit Axe
13:21 Gold Mining
16:57 Fletching
20:21 Castle Age
21:15 Medium Warships
22:39 Bodkin Arrow
23:33 Bow Saw
Actiweed1
6:50 Loom
11:23 Feudal Age
12:44 Wheelbarrow
11:59 Town Watch
11:56 Horse Collar
14:03 Fishing Lines
27:29 Castle Age
27:29 Fletching
27:39 Padded Archer Armor
29:02 Heavy Plow
Snake34
3:58 Loom
11:48 Feudal Age
15:53 Castle Age
19:48 Fletching
Chanos
10:02 Loom
13:22 Feudal Age
13:51 Double-Bit Axe
13:59 Gold Mining
20:41 Wheelbarrow
24:10 Castle Age
23:09 Fletching
23:20 Padded Archer Armor
24:24 Medium Warships
33:08 Imperial Age
SaVaGe
12:31 Feudal Age
11:13 Loom
13:08 Double-Bit Axe
15:44 Fishing Lines
19:51 Castle Age
18:50 Scale Mail Armor
19:00 Forging
19:45 Arson
20:38 Gillnets
24:03 Squires
26:02 Chain Mail Armor
25:53 Gold Mining
30:58 Iron Casting
Connection lost

Rejoining the realm…

Still unreachable

The connection could not be restored.

Session expired

The server has moved on; the page needs a fresh start.